 Dungeon Crawl Stone Soup version 0.24.0-28-g17ded55e90 (webtiles) character file.

Game seed: 13591114095302755064, levelgen mode: deterministic

117 grindst0ne the Firebug (level 4, 0/24 HPs)
             Began as a Deep Elf Fire Elementalist on Nov 12, 2019.
             Was an Initiate of Ru.
             Succumbed to a kobold's poison
             ... on level 3 of the Dungeon.
             The game lasted 00:06:05 (1753 turns).

grindst0ne the Firebug (Deep Elf Fire Elementalist) Turns: 1753, Time: 00:06:06

Health: 0/24       AC:  5    Str:  5    XL:     4   Next: 71%
Magic:  10/11      EV: 14    Int: 20    God:    Ru [......]
Gold:   96         SH:  0    Dex: 16    Spells: 6/10 levels left

rFire    + . .     SeeInvis .   i - +0 dagger
rCold    . . .     Gourm    .   (no shield)
rNeg     . . .     Faith    .   g - +2 robe {rF+}
rPois    .         Spirit   .   h - +1 hat
rElec    .         Reflect  .   (no cloak)
rCorr    .         Harm     .   (no gloves)
MR       .....                  (no boots)
Stlth    +++.......             (no amulet)
HPRegen  0.08/turn              (no ring)
MPRegen  0.12/turn              (no ring)

@: lethally poisoned (0 -> -2)
A: no striking features
a: Renounce Religion


You were on level 3 of the Dungeon.
You worshipped Ru.
Ru was noncommittal.
You were hungry.

You visited 1 branch of the dungeon, and saw 3 of its levels.

You collected 96 gold pieces.

Inventory:

Hand Weapons
 i - a +0 dagger (weapon)
Armour
 g - a +2 robe of fire resistance (worn)
 h - a +1 hat (worn)
Scrolls
 a - a scroll of immolation {unknown}
 b - a scroll of noise {unknown}
 d - a scroll of enchant armour {unknown}
 j - a scroll of remove curse
 k - a scroll of fog
Potions
 e - a potion of brilliance
Comestibles
 c - 5 rations
 f - 8 chunks of flesh


   Skills:
 + Level 3.2 Dodging
 + Level 3.5 Stealth
 + Level 3.8 Spellcasting
 * Level 3.0 Conjurations
 + Level 3.9 Fire Magic


You had 6 spell levels left.
You knew the following spells:

 Your Spells              Type           Power        Failure   Level  Hunger
a - Flame Tongue          Conj/Fire      ###..        3%          1    None
b - Conjure Flame         Conj/Fire      ###.....     10%         3    ###....

Your spell library contained the following spells:

 Spells                   Type           Power        Failure   Level  Hunger
 Throw Flame              Conj/Fire      ###...       4%          2    ##.....
 Inner Flame              Hex/Fire       ##......     17%         3    ###....
 Sticky Flame             Conj/Fire      ###.....     30%         4    ####...
 Fireball                 Conj/Fire      ###.......   65%         5    ######.


Dungeon Overview and Level Annotations

Branches:
Dungeon (3/15)

Altars:
Hepliaklqana
Ru

Annotations:
D:3 Ijyb


Message History

The iceblast engulfs you!
* * * LOW HITPOINT WARNING * * *
An adder comes into view.
* * * LOW HITPOINT WARNING * * *
You feel sick.
The kobold throws a poisoned dart.
The poisoned dart completely misses you.
Okay, then.
Okay, then.
You are feeling hungry.
The adder bites you but does no damage.
The kobold throws a poisoned dart.
The poisoned dart barely misses you.
Things that are here:
a poisoned dart; a +0 chain mail; an orc skeleton
* * * LOW HITPOINT WARNING * * *
You feel sick. The adder barely misses you.
Things that are here:
a poisoned dart; a jackal skeleton
* * * LOW HITPOINT WARNING * * *
You feel sick. The adder completely misses you.
You die...

#.#......... ##.#.........
............ #####$........#
..............# .# #.#'#
.####.#.#
........#########################
...)....Kgl...S.@................
######..########################.
....>... #. ###........ #.
#........# #. #........# #.
#........# ###############.
#........# #<.....รท........
################


You could see Ijyb, an adder and a frilled lizard.

Vanquished Creatures
  A worker ant (D:2)
  5 adders (D:2)
  An ooze (D:2)
  2 dart slugs
  2 leopard geckos (D:2)
  An orc (D:3)
  4 goblins
  3 hobgoblins
  6 jackals
  A quokka (D:2)
  2 bats (D:1)
  4 frilled lizards
  2 kobolds
  5 rats
39 creatures vanquished.

Vanquished Creatures (others)
  A kobold (D:3)
1 creature vanquished.

Grand Total: 40 creatures vanquished

Notes
Turn   | Place    | Note
-------+----------+-------------------------------------------
     0 | D:1      | grindst0ne the Deep Elf Fire Elementalist began the quest
                  | for the Orb.
     0 | D:1      | Reached XP level 1. HP: 10/10 MP: 6/6
   201 | D:1      | Reached XP level 2. HP: 15/15 MP: 5/8
   720 | D:2      | Reached XP level 3. HP: 15/19 MP: 0/10
   788 | D:2      | Learned a level 3 spell: Conjure Flame
   829 | D:2      | Found a sacrificial altar of Ru.
   900 | D:2      | Became a worshipper of Ru the Awakened
  1028 | D:2      | Found a hazy altar of Hepliaklqana.
  1130 | D:2      | Reached XP level 4. HP: 4/24 MP: 0/11
  1734 | D:3      | Noticed Ijyb
  1749 | D:3      | HP: 1/24 [poisoned by a kobold]
  1753 | D:3      | Succumbed to a kobold's poison

Levels and vault maps discovered:
D:1:      minmay_arrival_stair_chambers, layout_loops_ring
D:2:      minmay_evil_eye, layout_rooms, lemuel_crystal_altar,
          nicolae_ru_awakened_eye, first_ration
D:3:      layout_basic, gammafunk_temple_overflow_elements, uniq_ijyb

Skill      XL: |  1  2  3  4 |
---------------+-------------+-----
Conjurations   | 2 3 |  3.0
Stealth        | 3 |  3.5
Dodging        | 3 |  3.2
Spellcasting   | |  3.8
Fire Magic     | |  3.9

Action                   |  1- 3 |  4- 6 || total
-------------------------+-------+-------++-------
Melee: Unarmed           |     1 |       ||     1
       Dagger            |     2 |       ||     2
 Cast: Flame Tongue      |    48 |    27 ||    75
       Conjure Flame     |     1 |     1 ||     2
  Use: Scroll            |     2 |     1 ||     3
       Potion            |     1 |       ||     1
  Eat: Chunk             |       |     2 ||     2
Armor: Robe              |     7 |     1 ||     8
Dodge: Dodged            |    22 |     8 ||    30
